 Dungeon Crawl Stone Soup version 0.26-a0-1129-gc5df7fbe6a (webtiles) character file.

Game seed: 13051946033081075435

607 sideus8 the Insei (level 7, -1/61 (62) HPs)
             Began as a Gnoll Transmuter on Dec 18, 2020.
             Was a Follower of Wu Jian.
             Slain by a necrophage (2 damage)
             ... on level 5 of the Dungeon.
             The game lasted 00:12:15 (4085 turns).

sideus8 the Insei (Gnoll Transmuter)                Turns: 4085, Time: 00:12:16

HP:   -1/61 (62)    AC:  5    Str: 14    XL:     7   Next: 43%
MP:   23/24         EV: 12    Int: 15    God:    Wu Jian [*.....]
Gold: 302           SH:  0    Dex: 14    Spells: 2/17 levels left

rFire    x . .     SeeInvis .     - Unarmed
rCold    + + +     Faith    .   (shield currently unavailable)
rNeg     . . .     Spirit   .   (armour currently unavailable)
rPois    +         Reflect  .   (helmet currently unavailable)
rElec    .         Harm     .   (cloak currently unavailable)
rCorr    .         Rampage  .   (gloves currently unavailable)
Will     .....                  (boots currently unavailable)
Stlth    ++........             (no amulet)
HPRegen  0.20/turn              d - ring of magical power
MPRegen  0.19/turn              (no ring)

@: lethally poisoned (-1 -> -2), ice-form, lightly drained
A: large, distributed training, clumsy 1, strong nose
a: End Transformation, Renounce Religion


You were on level 5 of the Dungeon.
You worshipped Wu Jian.
Wu Jian was aware of your devotion.
You were a creature of crystalline ice.
You visited 1 branch of the dungeon, and saw 5 of its levels.

You collected 302 gold pieces.

Inventory:

Armour
 a - a +1 robe (melded)
 j - a scarf of harm (melded)
 q - a +2 helmet (melded)
Jewellery
 d - a ring of magical power (left front paw)
Wands
 l - a wand of polymorph (5)
Scrolls
 e - a scroll of fear
 h - a scroll of enchant weapon {unknown}
 n - 2 scrolls of teleportation {unknown}
 r - a scroll of blinking {unknown}
Potions
 b - 2 potions of degeneration
 f - a potion of haste
 g - a potion of cancellation
 i - a potion of curing
 m - 2 potions of brilliance
 p - a potion of lignification


   Skills:
 + Level 3.6 Fighting
 + Level 2.5 Short Blades
 + Level 2.5 Long Blades
 + Level 2.5 Axes
 + Level 2.5 Maces & Flails
 + Level 2.5 Polearms
 + Level 2.5 Staves
 + Level 2.5 Slings
 + Level 2.5 Bows
 + Level 2.5 Crossbows
 + Level 2.5 Throwing
 + Level 2.5 Armour
 + Level 5.2 Dodging
 + Level 2.5 Stealth
 + Level 2.5 Shields
 + Level 7.0 Unarmed Combat
 + Level 5.6 Spellcasting
 + Level 2.0 Conjurations
 + Level 2.0 Hexes
 + Level 2.0 Summonings
 + Level 2.0 Necromancy
 + Level 2.0 Translocations
 + Level 4.3 Transmutations
 + Level 2.0 Fire Magic
 + Level 2.0 Ice Magic
 + Level 2.0 Air Magic
 + Level 2.0 Earth Magic
 + Level 2.0 Poison Magic
 + Level 2.7 Invocations
 + Level 2.5 Evocations


You had 2 spell levels left.
You knew the following spells:

 Your Spells              Type           Power        Failure   Level
a - Beastly Appendage     Tmut           34%          2%          1
b - Wereblood             Tmut           17%          3%          2
c - Spider Form           Tmut/Pois      6%           12%         3
d - Ice Form              Ice/Tmut       13%          38%         4
e - Blade Hands           Tmut           8%           56%         5

Your spell library contained the following spells:

 Spells                   Type           Power        Failure   Level
 Animate Skeleton         Necr           20%          7%          1
 Apportation              Tloc           20%          7%          1
 Corona                   Hex            11%          7%          1
 Summon Small Mammal      Summ           40%          7%          1


Dungeon Overview and Level Annotations

Branches:
Dungeon (5/15)
 Temple: D:4-7

Altars:
Elyvilon
Kikubaaqudgha
Qazlal
Sif Muna
Wu Jian
Xom
Yredelemnul
The Shining One

Shops:
D:4 [   D:5 *


Innate Abilities, Weirdness & Mutations

Your experience applies equally to all skills.
((You have very sharp teeth.))
Your uncanny sense of smell can sniff out nearby items.
((You have sharp toenails.))
You are clumsy. (Dex -2)


Message History

The orc hits you with a +0 mace!
* * * LOW HITPOINT WARNING * * *
The gnoll hits you but does no damage.
You feel sick.
You punch the necrophage!
The necrophage is severely damaged.
You feel sick. The necrophage hits you.
* * * LOW HITPOINT WARNING * * *
The gnoll barely misses you.
You hit the necrophage but do no damage.
The necrophage is severely damaged.
The necrophage closely misses you.
The gnoll hits you from afar with a +0 spear.
* * * LOW HITPOINT WARNING * * *
You punch the necrophage!
The necrophage is almost destroyed.
The necrophage hits you.
* * * LOW HITPOINT WARNING * * *
You feel drained.
You die...

.........# .##. .........#
#.... ... .........#
####...## #. ........†#
........# #.
.....g).g###.........####.
.......#ro................
.......##g########.....>..
....... #n#...............
..####. #Y#...............
. #. #.####.......##### #.
#.........#### ..
###.......#∆ #...<...# ∆
#...##### ∆ #...# #####


You could see a necrophage, 2 gnolls, an orc and a quokka.

Vanquished Creatures
  An ogre (D:5)
  A sky beast (D:5)
  A phantom (D:5)
  2 hounds (D:5)
  3 worker ants
  5 gnolls
  6 adders
  A white imp (D:5)
  An ufetubus (D:5)
  2 oozes
  3 worms (D:2)
  2 dart slugs (D:1)
  3 leopard geckos
  2 orcs (D:4)
  2 ball pythons (D:1)
  4 giant cockroaches
  7 hobgoblins
  4 jackals
  3 quokkas (D:4)
  12 bats
  8 frilled lizards
  7 goblins
  13 kobolds
  8 rats
101 creatures vanquished.

Vanquished Creatures (others)
  4 plants (D:1)
4 creatures vanquished.

Grand Total: 105 creatures vanquished

Notes
Turn   | Place    | Note
-------+----------+-------------------------------------------
     0 | D:1      | sideus8 the Gnoll Transmuter began the quest for the Orb.
     0 | D:1      | Reached XP level 1. HP: 17/17 MP: 6/6
    37 | D:1      | You fall into a shaft and drop 1 floor!
   141 | D:2      | Found a glowing golden altar of the Shining One.
   186 | D:2      | Reached XP level 2. HP: 23/23 MP: 7/7
   327 | D:2      | Reached XP level 3. HP: 17/28 MP: 9/9
   330 | D:2      | Reached skill level 5 in Spellcasting
   386 | D:2      | Found an ornate altar of the Wu Jian Council.
   419 | D:1      | Reached skill level 1 in Invocations
   811 | D:1      | Reached skill level 1 in Short Blades
   811 | D:1      | Reached skill level 1 in Long Blades
   811 | D:1      | Reached skill level 1 in Axes
   811 | D:1      | Reached skill level 1 in Maces & Flails
   811 | D:1      | Reached skill level 1 in Polearms
   811 | D:1      | Reached skill level 1 in Staves
   811 | D:1      | Reached skill level 1 in Slings
   811 | D:1      | Reached skill level 1 in Bows
   811 | D:1      | Reached skill level 1 in Crossbows
   811 | D:1      | Reached skill level 1 in Throwing
   811 | D:1      | Reached skill level 1 in Armour
   811 | D:1      | Reached skill level 1 in Stealth
   811 | D:1      | Reached skill level 1 in Shields
   811 | D:1      | Reached skill level 1 in Evocations
   822 | D:1      | Reached XP level 4. HP: 29/34 MP: 9/11
  1570 | D:2      | Reached skill level 1 in Conjurations
  1570 | D:2      | Reached skill level 1 in Hexes
  1570 | D:2      | Reached skill level 1 in Summonings
  1570 | D:2      | Reached skill level 1 in Necromancy
  1570 | D:2      | Reached skill level 1 in Translocations
  1570 | D:2      | Reached skill level 1 in Fire Magic
  1570 | D:2      | Reached skill level 1 in Ice Magic
  1570 | D:2      | Reached skill level 1 in Air Magic
  1570 | D:2      | Reached skill level 1 in Earth Magic
  1570 | D:2      | Reached skill level 1 in Poison Magic
  1679 | D:2      | Reached XP level 5. HP: 21/40 MP: 12/12
  2275 | D:2      | Became a worshipper of the Wu Jian Council
  2678 | D:3      | Found a shimmering altar of Xom.
  2779 | D:4      | Found a basalt altar of Yredelemnul.
  2817 | D:4      | Found Uragix's Armour Shop.
  2841 | D:4      | Found a white marble altar of Elyvilon.
  2901 | D:4      | Found a shimmering blue altar of Sif Muna.
  3023 | D:4      | Found an ancient bone altar of Kikubaaqudgha.
  3251 | D:4      | Found a stormy altar of Qazlal.
  3341 | D:4      | Reached XP level 6. HP: 45/47 MP: 13/13
  3616 | D:5      | Entered Level 5 of the Dungeon
  3616 | D:5      | Found Quaj's Lightly-Used Armoury.
  3616 | D:5      | Noticed a sky beast
  3622 | D:4      | Learned a level 2 spell: Wereblood
  3626 | D:4      | Learned a level 3 spell: Spider Form
  3631 | D:4      | Learned a level 4 spell: Ice Form
  3637 | D:4      | Learned a level 5 spell: Blade Hands
  3664 | D:5      | Killed a sky beast
  3665 | D:5      | Reached skill level 5 in Dodging
  3676 | D:5      | Noticed a phantom
  3694 | D:5      | Killed a phantom
  3695 | D:5      | Reached XP level 7. HP: 27/52 MP: 15/15
  3870 | D:5      | Reached skill level 7 in Unarmed Combat
  3910 | D:5      | Gained mutation: You are clumsy. (Dex -2) [potion of
                  | mutation]
  3910 | D:5      | Gained mutation: You have supernaturally acute eyesight.
                  | (SInv) [potion of mutation]
  3910 | D:5      | Lost mutation: You have supernaturally acute eyesight.
                  | (SInv) [potion of mutation]
  3910 | D:5      | Gained mutation: You have sharp toenails. [potion of
                  | mutation]
  4071 | D:5      | Reached * piety under Wu Jian
  4085 | D:5      | HP: 1/62 [necrophage (5)]
  4085 | D:5      | Slain by a necrophage

Illustrated notes

Levels and vault maps discovered:
D:1:      lightli_arrival_quake, layout_loops_ring, hangedman_feature_mirror,
          chequers_serial_rivers_room_b, minmay_misc_feat_diagonals,
          serial_bayou_lake_a
D:2:      minmay_skewed_foursquare, layout_basic,
          nicolae_overflow_hidden_temple, tso_oasis_becter, minmay_pentomino_s4
D:3:      layout_rooms, general_overflow_altar
D:4:      layout_basic, kennysheep_ying_yang, lemuel_round_altar,
          nicolae_overflow_crystal_walls, serial_shops, shop_fountains, tgw_sif
D:5:      layout_basic, minmay_temple_entry_sparse_star, serial_shops,
          nicolae_shop_statue_plus, minmay_shop_damaged, minmay_ogre_servants

Skill      XL: |  1  2  3  4  5  6  7 |
---------------+----------------------+-----
Spellcasting   | 5 |  5.6
Invocations    | 1 2 |  2.7
Short Blades   | 1 2 |  2.5
Long Blades    | 1 2 |  2.5
Axes           | 1 2 |  2.5
Maces & Flails | 1 2 |  2.5
Polearms       | 1 2 |  2.5
Staves         | 1 2 |  2.5
Slings         | 1 2 |  2.5
Bows           | 1 2 |  2.5
Crossbows      | 1 2 |  2.5
Throwing       | 1 2 |  2.5
Armour         | 1 2 |  2.5
Stealth        | 1 2 |  2.5
Shields        | 1 2 |  2.5
Evocations     | 1 2 |  2.5
Conjurations   | 1 2 |  2.0
Hexes          | 1 2 |  2.0
Summonings     | 1 2 |  2.0
Necromancy     | 1 2 |  2.0
Translocations | 1 2 |  2.0
Fire Magic     | 1 2 |  2.0
Ice Magic      | 1 2 |  2.0
Air Magic      | 1 2 |  2.0
Earth Magic    | 1 2 |  2.0
Poison Magic   | 1 2 |  2.0
Fighting       | 3 |  3.6
Transmutations | 4 |  4.3
Dodging        | 5 |  5.2
Unarmed Combat | 7 |  7.0

Action                   |  1- 3 |  4- 6 |  7- 9 || total
-------------------------+-------+-------+-------++-------
Melee: Unarmed           |    70 |   130 |    18 ||   218
       Kick              |    13 |    18 |       ||    31
       Headbutt          |     5 |    22 |       ||    27
       Bite              |     5 |     8 |       ||    13
       Punch             |       |     3 |       ||     3
 Cast: Beastly Appendage |    13 |    28 |       ||    41
       Ice Form          |       |     1 |     2 ||     3
Invok: Lunge             |       |     8 |       ||     8
  Use: Scroll            |       |     9 |     2 ||    11
       Potion            |       |     3 |     3 ||     6
 Stab: Sleeping          |     2 |     5 |       ||     7
Armor: Robe              |    13 |    14 |       ||    27
       Skin              |       |     3 |    12 ||    15
Dodge: Dodged            |    73 |   114 |    25 ||   212

Table legend: (Time is in decaauts)
 A = Elapsed time spent in this place.
 B = Non-inter-level travel time spent in this place.
 C = Inter-level travel time spent in this place.
 D = Time resting spent in this place.
 E = Time spent auto-exploring this place.
 F = Levels seen in this place.
 G = Mean time per level.
                   A        B        C        D        E       F      G
               +--------+--------+--------+--------+--------+-----+--------+
         Total |   4131 |   4131 |      0 |    565 |   1750 |   5 |  826.2 |
       Dungeon |   4131 |   4131 |      0 |    565 |   1750 |   5 |  826.2 |
               +--------+--------+--------+--------+--------+-----+--------+

Top non-repeatable levels by time:
     D:1: 1146 daAuts
     D:4: 1085 daAuts
     D:2: 1048 daAuts
     D:3: 565 daAuts
     D:5: 285 daAuts
